 Dungeon Crawl Stone Soup version 0.18-a0-1171-ga8e22e7 (webtiles) character file.

5691 M4edhros the Covert (level 10, -2/57 (58) HPs)
             Began as an Octopode Artificer on Jan 26, 2016.
             Was a High Priest of Ru.
             Killed by divine providence
             ... invoked by an orc priest
              (12 damage)
             ... on level 9 of the Dungeon.
             The game lasted 00:29:52 (11125 turns).

M4edhros the Covert (Octopode Artificer)           Turns: 11125, Time: 00:29:53

HP:   -2/57 (58)    AC:  6    Str: 10    XL:     10   Next: 76%
MP:   15/15         EV: 11    Int: 18    God:    Ru [*****.]
Gold: 286           SH: 15    Dex: 11    Spells: 3 memorised, 1 level left

rFire  + + .     SeeInvis .     m - +2 flail (protect)
rCold  + . .     Gourm    .     x - +1 large shield
rNeg   . . .     Faith    .     (helmet restricted)
rPois  .         Spirit   .     (no amulet)
rElec  .         Dismiss  .     d - ring of wizardry
rCorr  .         Reflect  .     K - ring of protection from cold
SustAt .         Harm     .     (no ring)
MR     .....                    (no ring)
Stlth  ++++++....               (no ring)
                                (no ring)
                                (no ring)
                                (no ring)

@: non-regenerating, diseased, not resistant to hostile enchantments, very
stealthy
A: almost no armour, amphibious, 8 rings, constrict 8, antennae 1, camouflage 1,
clumsy 1, fire resistance 2, screaming 1, gelatinous body 1, no device heal 1,
hated by all, cowardly, magic vulnerability 1, inexperienced 1
a: Draw Out Power, Power Leap, Apocalypse, Renounce Religion


You were on level 9 of the Dungeon.
You worshipped Ru.
Ru was extremely pleased with you.
You were not hungry.

You visited 1 branch of the dungeon, and saw 9 of its levels.

You collected 470 gold pieces.
You spent 184 gold pieces at shops.

Inventory:

Hand Weapons
 h - a +0 spear
 m - a +2 flail of protection (weapon)
 r - a +1 hunting sling of velocity
 G - a +2 trident of pain
 H - a +0 blowgun
Missiles
 e - 13 tomahawks
 i - 403 stones
 n - 14 javelins (quivered)
 B - 11 sling bullets
 I - 26 poisoned needles
Armour
 x - a +1 large shield (worn)
 y - a +2 buckler
Magical Staves
 z - an uncursed staff of earth
Rods
 o - a +9 iron rod (10/10)
   (You acquired it on level 8 of the Dungeon)
Jewellery
 d - a ring of wizardry (left tentacle)
 K - a ring of protection from cold (right tentacle)
Wands
 a - a wand of fire (2/15)
 b - a wand of flame (2/48)
 g - a wand of teleportation (3/9)
 s - a wand of cold (7/15)
 A - a wand of fire (0/15)
 E - a wand of flame (25/48)
Scrolls
 c - 3 scrolls of amnesia
 l - 2 scrolls of enchant armour
 t - a scroll of fear
 u - 3 scrolls of random uselessness
 M - a scroll of identify
Potions
 p - 2 potions of haste
 v - a potion of cure mutation
Books
 F - an Akashic Record

   Spells                             Type                      Level
   a - Dispersal                      Translocation                6
   b - Malign Gateway                 Summoning/Translocation      7
   c - Disjunction                    Translocation                8
   d - Controlled Blink               Translocation                8
 J - a book of Changes

   Spells                             Type                      Level
   a - Beastly Appendage              Transmutation                1
   b - Sticks to Snakes               Transmutation                2
   c - Spider Form                    Transmutation/Poison         3
   d - Ice Form                       Ice/Transmutation            4
   e - Blade Hands                    Transmutation                5
 L - a book of Battle

   Spells                             Type                      Level
   a - Infusion                       Charms                       1
   b - Shroud of Golubria             Charms/Translocation         2
   c - Song of Slaying                Charms                       2
   d - Spectral Weapon                Hexes/Charms                 3
   e - Regeneration                   Charms/Necromancy            3
Comestibles
 f - 6 bread rations
 k - 3 meat rations
 q - 2 slices of pizza
 w - 9 fruits


   Skills:
 - Level 1.0 Fighting
   Level 1.0 Short Blades
 - Level 1.6 Polearms
 + Level 6.8 Slings
 + Level 7.1 Dodging
 + Level 10.1 Stealth
 * Level 8.2 Shields
 + Level 7.7 Evocations


You had one spell level left.
You knew the following spells:

 Your Spells              Type           Power        Failure   Level  Hunger
a - Regeneration          Chrm/Necr      #.........   99%         3    ####...
b - Spectral Weapon       Hex/Chrm       #.......     99%         3    ####...
c - Shroud of Golubria    Chrm/Tloc      #.........   93%         2    ###....


Dungeon Overview and Level Annotations

Branches:
Dungeon (9/15)             Temple (0/1) D:7            Lair (0/8) D:9
    Orc (0/2) D:9

Altars:
Dithmenos
Elyvilon
Fedhas
Kikubaaqudgha
Makhleb
Ru
Trog
Vehumet
Zin

Shops:
D:4 [   D:7 !   D:8 ?


Innate Abilities, Weirdness & Mutations

You cannot wear most types of armour.
You are amphibious.
You can wear up to eight rings at the same time.
You can use your tentacles to constrict eight enemies at once.
Your skin changes colour to match your surroundings (Stealth).
You are clumsy. (Dex -2)
Your rubbery body absorbs attacks (AC +1).
You are hated by all.
Your cowardice makes you less effective in combat with threatening monsters.
You are slightly vulnerable to magic.
You are somewhat inexperienced (-2 XL).
You have a pair of small antennae on your head.
Your flesh is very heat resistant.
You occasionally shout uncontrollably at your foes.
Potions and wands are less effective at restoring your health.


Message History

Charge which item? (? for menu, Esc to quit)
As you read the scroll of recharging, it crumbles to dust.
Your +8 iron rod (9/9) glows for a moment.
Unknown command.
You start resting.
You feel less exhausted.
You start resting.
Magic restored.
You start resting.
An orc priest comes into view.
Drink which item? (? for menu, Esc to quit)
Okay, then.
You hit the orc priest. You grab the orc priest.
Your squeeze misses the orc priest.
The orc priest is lightly wounded.
You constrict the orc priest, but do no damage.
The orc priest hits you but does no damage.
The orc priest invokes the aid of Beogh against you.
Something smites you!
You die...

#......#....# #)#...###...###
#......#....####. ##.##o.#.
#......#....# ... ...>...
.......#....###.. #....###
.......##'####.#.##..#..#
............#..##.#.#..##
...#####....##.#.....# ...
...#...#....##.o##)##.....
##.#...#.#######@#[### ##.# ###
.#.#(..#.# ##..#[#.#. ...##.###
.#.#...'.# ##.#.#[.##...#.#.)..#
.#.#####.# #..#.#..# #.....##..
.#.......# #.#.##### ########..
.#.......######.###############c.
.#>........))....................
.#..)......<)....................
.#...............................


You could see an orc priest.

Vanquished Creatures
  Pikel (D:5)
  A fire drake (D:9)
  Prince Ribbit (D:8)
  A wyvern (D:8)
  6 yaks (D:9)
  A hungry ghost (D:8)
  A hippogriff (D:7)
  2 ice beasts
  2 sky beasts
  A wasp (D:9)
  4 slaves
  5 orc warriors
  A necrophage (D:9)
  3 phantoms
  3 ogres
  4 centaurs
  2 big kobolds
  Blork the orc (D:5)
  3 giant frogs
  4 scorpions
  4 wights
  2 jellies
  3 crimson imps
  2 hounds
  2 quasits (D:9)
  5 orc priests
  2 giant frog skeletons
  Terence (D:3)
  5 iguanas
  8 orc wizards
  6 worker ants
  2 killer bee zombies (D:7)
  2 hound skeletons
  Robin (D:2)
  A worker ant zombie (D:7)
  9 gnolls
  9 adders
  A shadow imp (D:9)
  2 oozes
  2 adder skeletons
  3 worms
  A giant gecko (D:3)
  45 orcs
  A ball python (D:5)
  5 giant cockroaches
  20 goblins
  12 hobgoblins
  7 jackals
  14 kobolds
  7 quokkas
  13 bats
  A giant gecko zombie (D:7)
  7 giant newts
  A jackal skeleton (D:4)
  A jackal zombie (D:6)
  A quokka skeleton (D:7)
  10 rats
265 creatures vanquished.

Vanquished Creatures (others)
  An ogre (D:6)
  A gnoll (D:6)
  3 orcs
  2 goblins (D:2)
7 creatures vanquished.

Grand Total: 272 creatures vanquished

Notes
Turn   | Place    | Note
--------------------------------------------------------------
     0 | D:1      | M4edhros the Octopode Artificer began the quest for the Orb.
     0 | D:1      | Reached XP level 1. HP: 13/13 MP: 3/3
    80 | D:1      | Reached XP level 2. HP: 5/18 MP: 4/4
   540 | D:2      | Found a faded altar to an unknown god.
   606 | D:2      | Became a worshipper of Ru the Awakened
   619 | D:1      | Gained mutation: You are hated by all. [Ru sacrifice]
   619 | D:1      | Reached * piety under Ru
   712 | D:1      | Reached XP level 3. HP: 23/23 MP: 5/5
  1641 | D:2      | Found a burning altar of Makhleb.
  1644 | D:2      | Noticed Robin
  1690 | D:2      | Reached XP level 4. HP: 25/28 MP: 6/6
  1703 | D:2      | Killed Robin
  1703 | D:2      | Reached skill level 4 in Stealth
  1899 | D:2      | Found a sacrificial altar of Ru.
  2507 | D:3      | Reached skill level 1 in Slings
  2533 | D:3      | Reached XP level 5. HP: 21/33 MP: 7/7
  2769 | D:3      | Gained mutation: Your cowardice makes you less effective in combat with threatening monsters. [Ru sacrifice]
  2769 | D:3      | Reached ** piety under Ru
  2800 | D:3      | Noticed Terence
  2812 | D:3      | Killed Terence
  3442 | D:3      | Reached skill level 5 in Stealth
  3467 | D:3      | Noticed an ice beast
  3573 | D:3      | Reached XP level 6. HP: 2/38 MP: 9/9
  3574 | D:3      | Killed an ice beast
  4169 | D:4      | Found Ubeaxyl's Antique Armour Boutique.
  4200 | D:4      | Bought a large shield for 94 gold pieces
  4446 | D:4      | Reached XP level 7. HP: 35/43 MP: 10/10
  4486 | D:4      | Reached skill level 1 in Shields
  5098 | D:5      | Entered Level 5 of the Dungeon
  5118 | D:5      | Reached skill level 6 in Stealth
  5141 | D:5      | Found a bloodstained altar of Trog.
  5212 | D:5      | Gained mutation: You are somewhat inexperienced (-2 XL). [Ru sacrifice]
  5212 | D:5      | Reached XP level 6. HP: 38/38 MP: 9/9
  5212 | D:5      | Reached XP level 5. HP: 33/33 MP: 8/8
  5212 | D:5      | Reached *** piety under Ru
  5248 | D:5      | Noticed a phantom
  5406 | D:5      | Killed a phantom
  5406 | D:5      | Reached XP level 6. HP: 25/38 MP: 9/9
  5538 | D:5      | Found a radiant altar of Vehumet.
  5946 | D:5      | Noticed Blork the orc
  5962 | D:5      | Gained mutation: Your muscles are strong. (Str +2) [potion of mutation]
  5962 | D:5      | Gained mutation: Your system is resistant to poisons. [potion of mutation]
  5962 | D:5      | Lost mutation: Your muscles are strong. (Str +2) [potion of mutation]
  5964 | D:5      | Killed Blork the orc
  5964 | D:5      | Reached XP level 7. HP: 18/43 MP: 10/10
  5968 | D:5      | Gained mutation: You are dopey. (Int -2) [potion of mutation]
  5968 | D:5      | Gained mutation: Potions and wands are less effective at restoring your health. [potion of mutation]
  5969 | D:5      | Gained mutation: Scrolls take you a little longer to read. [potion of mutation]
  5969 | D:5      | Lost mutation: Scrolls take you a little longer to read. [potion of mutation]
  6031 | D:5      | Found an ancient bone altar of Kikubaaqudgha.
  6032 | D:5      | Found a shadowy altar of Dithmenos.
  6497 | D:6      | Reached skill level 5 in Evocations
  6498 | D:6      | Noticed Pikel
  6516 | D:5      | Lost mutation: You are dopey. (Int -2) [potion of cure mutation]
  6516 | D:5      | Lost mutation: Your system is resistant to poisons. [potion of cure mutation]
  6528 | D:5      | Killed Pikel
  6528 | D:5      | Reached skill level 5 in Dodging
  6528 | D:5      | Reached skill level 7 in Stealth
  6528 | D:5      | Reached XP level 8. HP: 7/48 MP: 10/12
  6804 | D:6      | Found a white marble altar of Elyvilon.
  7471 | D:7      | Found a burning altar of Makhleb.
  7471 | D:7      | Noticed a balrug
  7477 | D:7      | Found a glowing silver altar of Zin.
  7477 | D:7      | Noticed an angel
  7767 | D:6      | Reached skill level 5 in Slings
  7791 | D:7      | Reached skill level 5 in Shields
  8065 | D:7      | Reached skill level 1 in Polearms
  8101 | D:7      | Found Hucaluh's Distillery.
  8232 | D:7      | Reached skill level 8 in Stealth
  8232 | D:7      | Reached XP level 9. HP: 15/53 MP: 13/13
  8430 | D:7      | Found a staircase to the Ecumenical Temple.
  8519 | D:7      | Gained mutation: You are slightly vulnerable to magic. [Ru sacrifice]
  8519 | D:7      | Reached **** piety under Ru
  8874 | D:8      | Noticed Prince Ribbit
  8882 | D:8      | Killed Prince Ribbit
  8909 | D:8      | Found a blossoming altar of Fedhas.
  8992 | D:8      | Learned a level 3 spell: Regeneration
  8996 | D:8      | Learned a level 3 spell: Spectral Weapon
  8999 | D:8      | Learned a level 2 spell: Shroud of Golubria
  9081 | D:8      | Found Ziyk's Magic Scroll Shop.
  9089 | D:8      | Bought a scroll of enchant weapon for 90 gold pieces
  9091 | D:8      | Identified a scroll of acquirement
  9146 | D:8      | Reached skill level 9 in Stealth
  9150 | D:8      | Gained mutation: You occasionally shout uncontrollably at your foes. [mutagenic meat]
  9151 | D:8      | Gained mutation: Your flesh is heat resistant. [mutagenic meat]
  9152 | D:8      | Gained mutation: You have a pair of small antennae on your head. [mutagenic meat]
  9153 | D:8      | Gained mutation: You are clumsy. (Dex -2) [mutagenic meat]
  9154 | D:8      | Lost mutation: You are clumsy. (Dex -2) [mutagenic meat]
  9155 | D:8      | Gained mutation: Your flesh is very heat resistant. [mutagenic meat]
  9374 | D:8      | Reached XP level 10. HP: 18/58 MP: 9/15
  9467 | D:9      | Found a staircase to the Lair.
 10496 | D:9      | Found a staircase to the Orcish Mines.
 10623 | D:9      | Gained mutation: You are clumsy. (Dex -2) [Ru sacrifice]
 10623 | D:9      | Reached ***** piety under Ru
 10640 | D:9      | Reached skill level 10 in Stealth
 11125 | D:9      | Killed from afar by an orc priest

Vault maps used:
D:1:      minmay_arrival_up_and_down
D:2:      old_standard_altar, ecumenical_altar_2, first_bread, bloody_makhleb,
          uniq_robin
D:3:      hex_intersection, st_stairs_5, kennysheep_generic_room_10,
          uniq_terence
D:4:      serial_shops, shop
D:5:      nicolae_overflow_hidden_temple, minmay_holes, vehumet_altar_wand_db,
          uniq_blork_the_orc
D:6:      overflow_temple_1_default, uniq_pikel
D:7:      grunt_temple_overflow_order_and_chaos_2,
          minmay_temple_entry_overgrown, serial_shops, nicolae_shop_waterfront
D:8:      fedhas_bush_and_centaur_altar, serial_shops, nicolae_shop_waterfront,
          uniq_prince_ribbit1
D:9:      minmay_lair_entry_lava, erik_orc_3

Action                   |  1- 3 |  4- 6 |  7- 9 | 10-12 || total
-------------------------+-------+-------+-------+-------++-------
Melee: Short sword       |    20 |       |       |       ||    20
       Spear             |    66 |   251 |    64 |       ||   381
       Staff             |       |       |    76 |       ||    76
       Trident           |       |       |    46 |    23 ||    69
       Flail             |       |       |   121 |   134 ||   255
 Fire: Hunting sling     |       |       |     3 |    10 ||    13
       Blowgun           |       |       |    13 |       ||    13
Throw: Javelin           |       |       |    12 |       ||    12
Invok: Sacrifice Love    |     1 |       |       |       ||     1
       Sacrifice Courage |       |     1 |       |       ||     1
       Sacrifice Experie |       |     1 |       |       ||     1
       Draw Out Power    |       |       |     2 |     1 ||     3
       Power Leap        |       |       |     7 |     7 ||    14
       Sacrifice Essence |       |       |     1 |       ||     1
       Sacrifice Purity  |       |       |       |     1 ||     1
Evoke: Wand              |     1 |    25 |     1 |     3 ||    30
       Rod               |       |       |     1 |     4 ||     5
  Use: Scroll            |     2 |     2 |     9 |    10 ||    23
       Potion            |     2 |     8 |     7 |       ||    17
 Stab: Sleeping          |    10 |    12 |    11 |     4 ||    37
       Invisible         |     1 |       |     4 |     1 ||     6
       Confused          |       |     4 |       |       ||     4
       Distracted        |       |     2 |     3 |       ||     5
  Eat: Chunk             |     2 |    13 |    15 |     6 ||    36
       Beef jerky        |       |       |     1 |     1 ||     2
       Meat ration       |       |       |     1 |       ||     1
       Pizza             |       |       |     1 |       ||     1
